[Event "*** SCC Grand Prix: Titled Tuesday Blitz"]
[Site "Chess.com"]
[Date "2020.08.11"]
[Round "3"]
[White "Unknown_IM"]
[Black "CheckThis4"]
[Result "0-1"]
[WhiteElo "2402"]
[BlackElo "2622"]
[TimeControl "180+1"]
[EndTime "10:29:27 PDT"]
[Termination "CheckThis4 won by resignation"]

1. Nf3 d5 2. d4 Nf6 3. c4 e6 4. Nc3 a6 5. cxd5 exd5 6. Bg5 Be6 7. e3 Nbd7 8. Bd3 h6 9. Bh4 Be7 10. O-O O-O 11. Rb1 c5 12. dxc5 Nxc5 13. Bc2 Rc8 14. Nd4 Bg4 15. f3 Bh5 16. g4 Bg6 17. Bxg6 fxg6 18.
Qd2 Qd7 19. Rbd1 Nfe4 20. fxe4 Bxh4 21. Qg2 Rxf1+ 22. Rxf1 dxe4 23. Nxe4 Nxe4 24. Qxe4 Kh7 25. Ne6 Bf6 26. h4 Re8 27. Nc5 Rxe4 28. Nxd7 Rxg4+ 29. Kf2 Bxh4+ 30. Kf3 Rg3+ 31. Ke4 Bg5 32. Nf8+ Kg8 33. Nxg6 Rxe3+ 34. Kf5 Bf6 35. Kg4 Re2 36. Kf5 Rxb2 37. Rd1 Rb5+ 38. Ke6 Rg5 39. Rd8+ Bxd8 0-1

[Event "*** SCC Grand Prix: Titled Tuesday Blitz"]
[Site "Chess.com"]
[Date "2020.08.11"]
[Round "3"]
[White "Ashedu66"]
[Black "WonderChampion"]
[Result "1-0"]
[WhiteElo "2273"]
[BlackElo "1970"]
[TimeControl "180+1"]
[EndTime "10:29:27 PDT"]
[Termination "Ashedu66 won by checkmate"]

1. d4 d5 2. c4 e6 3. Nc3 c6 4. e3 dxc4 5. Bxc4 b5 6. Bd3 Bb7 7.
Nf3 Nf6 8. O-O Nbd7 9. e4 a5 10.
e5 Nd5 11. Ne4 Be7 12. Bg5 O-O 13. Rc1 Nb4 14. Bb1 Nb6 15. Bxe7 Qxe7 16. Nd6 N4d5 17. Qc2 g6 18. Nxb7 Qxb7 19. Qxc6 Qxc6 20. Rxc6 Nc4 21. b3 Na3 22. Be4 Rfd8 23. Bxd5 Rxd5 24. Rfc1 Kg7 25.
h4 a4 26. Rc7 axb3 27. axb3 b4 28. Ng5 Kg8 29. Nxf7 Kf8 30. Ng5 Ra6 31. Rxh7 Kg8 32. Rcc7 Ra8 33. Rcg7+ Kf8 34. Nxe6+ Ke8 35. Rg8# 1-0

[Event "*** SCC Grand Prix: Titled Tuesday Blitz"]
[Site "Chess.com"]
[Date "2020.08.11"]
[Round "3"]
[White "Matols"]
[Black "Lion-Al-Messi"]
[Result "0-1"]
[WhiteElo "2208"]
[BlackElo "2500"]
[TimeControl "180+1"]
[EndTime "10:29:28 PDT"]
[Termination "Lion-Al-Messi won on time"]

1. d4 b6 2. e4 Bb7 3. Bd3 e6 4. f3 c5 5. c3 Nc6 6. Ne2 cxd4 7.
cxd4 Nb4 8. O-O Nxd3 9. Qxd3 Nf6 10. Nbc3 Be7 11. d5 d6 12. dxe6 fxe6 13. Nf4 Qd7 14. Be3 Rc8 15. Rad1 O-O 16. e5 Nd5 17.
Nfxd5 exd5 18. exd6 Bxd6 19. Nxd5 Kh8 20. Rfe1 Bb8 21.
Qd4 Rcd8 22. Nc3 Qc7 23. Qh4 Rde8 24. Bd4 Qf7 25. a3 Qg6 26. Ne4 Rxf3 27. Ng5 Rff8 28. Rxe8 Rxe8 29. Rf1 h6 30. Nf7+ Kg8 31. Qh3 Re2 0-1

[Event "*** SCC Grand Prix: Titled Tuesday Blitz"]
[Site "Chess.com"]
[Date "2020.08.11"]
[Round "3"]
[White "TurboSteen"]
[Black "MartinMatthiesen"]
[Result "1-0"]
[WhiteElo "2019"]
[BlackElo "2442"]
[TimeControl "180+1"]
[EndTime "10:29:28 PDT"]
[Termination "TurboSteen won on time"]

1. e4 c5 2. Nc3 Nc6 3. Bb5 Nd4 4. Nf3 Nxb5 5. Nxb5 d6 6. d4 a6 7. Nc3 cxd4 8. Qxd4 e5 9. Qb4 Nf6 10. Bg5 Be7 11. O-O-O a5 12. Qb5+ Bd7 13. Qxb7 Rb8 14. Qa7 Ra8 15. Qb7 Rb8 16. Qa7 Ra8 17. Qe3 Ng4 18.
Qd2 Bxg5 19. Nxg5 Nxf2 20. Nxf7 Kxf7 21. Qxf2+ Qf6 22. Qxf6+ gxf6 23. Rxd6 Be6 24. Nd5 Bxd5 25. exd5 Rhd8 26. Rxd8 Rxd8 27. c4 f5 28. Rd1 Kf6 29. c5 e4 30. c6 Rc8 31. b3 Ke5 32. a3 Kd6 33. b4 axb4 34. axb4 Rb8 35. Rd4 e3 36.
Kc2 Ke5 37. c7 Rc8 38. d6 Kxd4 39. Kd1 1-0

[Event "*** SCC Grand Prix: Titled Tuesday Blitz"]
[Site "Chess.com"]
[Date "2020.08.11"]
[Round "3"]
[White "NotFischer"]
[Black "Nara_Kh"]
[Result "0-1"]
[WhiteElo "2090"]
[BlackElo "2315"]
[TimeControl "180+1"]
[EndTime "10:29:28 PDT"]
[Termination "Nara_Kh won by checkmate"]

1. e4 c5 2. Nf3 Nc6 3. d4 cxd4 4. Nxd4 Nf6 5. Nc3 e5 6. Ndb5 d6 7. Bg5 a6 8. Bxf6 gxf6 9. Na3 b5 10. Nd5 f5 11. c3 Bg7 12. exf5 Bxf5 13. Nc2 O-O 14.
Nce3 Be6 15. Bd3 f5 16. Qh5 e4 17. Bc2 Ne7 18. Nf4 Bf7 19. Qg5 h6 20. Qg3 b4 21.
cxb4 d5 22. Rd1 d4 23. Bb3 Qb6 24. Ned5 Nxd5 25. Nxd5 Bxd5 26. Bxd5+ Kh8 27. Bxa8 Qxb4+ 28. Kf1 Rxa8 29. b3 Qb5+ 30. Kg1 Rc8 31. h4 Qe2 32. Rf1 d3 33. Qd6 e3 34. Kh2 exf2 35. Qd7 Be5+ 36. g3 Rg8 37. Qxf5 Rxg3 38. Rxf2 Rf3+ 39. Kg2 Qxf2# 0-1

[Event "*** SCC Grand Prix: Titled Tuesday Blitz"]
[Site "Chess.com"]
[Date "2020.08.11"]
[Round "3"]
[White "vesalhamedinia"]
[Black "jlandaw"]
[Result "0-1"]
[WhiteElo "2286"]
[BlackElo "2519"]
[TimeControl "180+1"]
[EndTime "10:29:29 PDT"]
[Termination "jlandaw won by checkmate"]

1. d4 d5 2. c4 c6 3. Nc3 e6 4.
cxd5 exd5 5. Qc2 Nf6 6. Bf4 Bg4 7. e3 Bd6 8. Bg3 Qe7 9. Bd3 Nbd7 10. Nge2 O-O 11.
h3 Bh5 12. Bxd6 Qxd6 13. Nf4 Bg6 14. Nxg6 fxg6 15. O-O Rae8 16. Rab1 g5 17. Ne2 g4 18. h4 Ne4 19. b4 Ndf6 20. b5 g3 21. Bxe4 gxf2+ 22. Rxf2 Rxe4 23. Qd2 Rxh4 24. Rf4 Ng4 25. Qe1 Qh6 26.
Ng3 Rxf4 27. exf4 Rh1+ 28. Nxh1 Qh2+ 29. Kf1 Qxh1+ 30. Ke2 Qxg2+ 31. Kd3 Nf2+ 32. Kc3 Ne4+ 33. Kb4 Qxa2 34. Ra1 Qb2+ 35. Ka5 Qxb5# 0-1

[Event "*** SCC Grand Prix: Titled Tuesday Blitz"]
[Site "Chess.com"]
[Date "2020.08.11"]
[Round "3"]
[White "Grischuk"]
[Black "BeanScreen"]
[Result "1-0"]
[WhiteElo "3035"]
[BlackElo "2713"]
[TimeControl "180+1"]
[EndTime "10:29:30 PDT"]
[Termination "Grischuk won by resignation"]

1. Nf3 d5 2. d4 Nf6 3. c4 dxc4 4. e3 a6 5. Bxc4 e6 6. O-O c5 7. dxc5 Bxc5 8. Qxd8+ Kxd8 9. Be2 Nbd7 10. Nc3 b6 11. Ng5 Ke7 12. Nge4 Bb7 13. Nxc5 Nxc5 14. b3 Rac8 15.
Ba3 a5 16. Na4 Nd7 17. Rac1 Rc6 18. Bb5 Rd6 19. Bxd7 Kxd7 20. Bxc5 bxc5 21. Nxc5+ Kc7 22. Nxe6+ Kb8 23. Nd4 Rc8 24. Rxc8+ Kxc8 25. Rc1+ Kb8 26. Rc5 a4 27. bxa4 Rb6 28. Rb5 Rg6 29. f3 Ka7 30. Kf2 Rh6 31. h3 Rd6 32. a5 g6 33. g4 Rd5 34. Rxd5 Bxd5 35. Nb5+ Kb7 36. a3 Kc6 37.
Nc3 Be6 38. e4 Kb7 39. Nb5 Ba2 40. Nc3 Be6 41. Nd5 Kc6 42. Ke3 h6 43. Kd4 Bd7 44. a6 Kd6 45. a7 Bc6 46. Nb6 1-0

[Event "*** SCC Grand Prix: Titled Tuesday Blitz"]
[Site "Chess.com"]
[Date "2020.08.11"]
[Round "3"]
[White "LiemLe"]
[Black "lucachess49"]
[Result "1-0"]
[WhiteElo "2957"]
[BlackElo "2452"]
[TimeControl "180+1"]
[EndTime "10:29:30 PDT"]
[Termination "LiemLe won on time"]

1. d4 Nf6 2. c4 e6 3. Nf3 a6 4. Nc3 d5 5. cxd5 exd5 6. Bg5 Be6 7. Bxf6 Qxf6 8. Qb3 b5 9. Nxd5 Qd8 10. e4 c6 11. Qe3 cxd5 12. exd5 Qxd5 13. Bd3 Bb4+ 14. Kd1 Qd6 15. Rc1 Nd7 16. Be4 Rd8 17. Rc6 Qe7 18.
Rxa6 O-O 19. Kc2 Nf6 20. Bd3 Qb7 21. Rxe6 fxe6 22. Qxe6+ Kh8 23. Kb1 Qf7 24. Qh3 Ra8 25. b3 h6 26. Ne5 Qd5 27. Ng6+ Kg8 28. Nxf8 Rxf8 29. Rd1 Ra8 30. Bf5 Qd6 31. Qd3 Qa6 32.
Qe2 Ba3 33. Qe6+ Qxe6 34. Bxe6+ Kf8 35. Kc2 Ke7 36. Bf5 Kd6 37. Kd3 Nd5 38. Be4 Nb4+ 39. Kd2 Rc8 40. Ke3 Nxa2 41. Ra1 Bc1+ 42. Kf3 Nc3 43. Ra6+ Kd7 44. Bf5+ Kd8 45. Bxc8 Kxc8 46. Rc6+ 1-0

[Event "*** SCC Grand Prix: Titled Tuesday Blitz"]
[Site "Chess.com"]
[Date "2020.08.11"]
[Round "3"]
[White "TimKett"]
[Black "Orest_Vovk"]
[Result "0-1"]
[WhiteElo "2203"]
[BlackElo "2429"]
[TimeControl "180+1"]
[EndTime "10:29:30 PDT"]
[Termination "Orest_Vovk won on time"]

1. e4 Nc6 2. Nc3 Nf6 3. d4 e6 4. f4 Bb4 5. e5 Ne4 6. Qd3 f5 7. Bd2 b6 8. Nxe4 fxe4 9. Qxe4 Bxd2+ 10. Kxd2 O-O 11. Nf3 Bb7 12. Bd3 g6 13. h4 Na5 14.
Qe2 c5 15. Raf1 Rxf4 16. Ng5 Qf8 17. g3 Rxf1 18. Rxf1 Qh6 19. Qf2 Rf8 20. Qxf8+ Qxf8 21. Rxf8+ Kxf8 22. Nxh7+ Kg7 23. Nf6 cxd4 24. Nxd7 Bd5 25. g4 Nc6 26. g5 Kf7 27. a3 Ke7 28. Nf6 Nxe5 29. Nxd5+ exd5 30. Be2 Nc4+ 31. Kd3 Nxb2+ 32. Kxd4 Kd6 33. Bd3 Nxd3 34. cxd3 b5 35. h5 gxh5 36. g6 Ke6 37. g7 Kf7 38. Kxd5 h4 39. Ke4 Kxg7 40.
d4 a5 0-1

[Event "*** SCC Grand Prix: Titled Tuesday Blitz"]
[Site "Chess.com"]
[Date "2020.08.11"]
[Round "3"]
[White "BjarkeSahl"]
[Black "Ariadna_Atreides"]
[Result "1-0"]
[WhiteElo "2288"]
[BlackElo "2027"]
[TimeControl "180+1"]
[EndTime "10:29:30 PDT"]
[Termination "BjarkeSahl won on time"]

1. Nf3 d5 2. g3 Nf6 3. Bg2 c6 4. O-O Bg4 5. b3 Nbd7 6. d4 e6 7.
c4 Be7 8. Bb2 O-O 9. Nc3 Ne4 10. Nd2 Nxc3 11. Bxc3 f5 12. Qc2 Nf6 13. f3 Bh5 14. e4 fxe4 15. fxe4 Bg6 16. Rae1 c5 17.
Qb2 Qb6 18. exd5 cxd4 19. Bxd4 Bc5 20. Bxc5 Qxc5+ 21. Kh1 exd5 22. b4 Qd6 23. cxd5 Nxd5 24. Rxf8+ Rxf8 25. Qd4 Rd8 26. Nc4 Qd7 27. Ne5 Qd6 28.
Nxg6 hxg6 29. Rd1 Re8 30. Qxd5+ Qxd5 31. Bxd5+ Kf8 32. Bxb7 Re2 33. Bd5 Rb2 34. Bb3 1-0

[Event "*** SCC Grand Prix: Titled Tuesday Blitz"]
[Site "Chess.com"]
[Date "2020.08.11"]
[Round "3"]
[White "Kobalia"]
[Black "Fh2411"]
[Result "1-0"]
[WhiteElo "2797"]
[BlackElo "2562"]
[TimeControl "180+1"]
[EndTime "10:29:31 PDT"]
[Termination "Kobalia won by resignation"]

1. e4 c5 2. Nf3 e6 3. g3 b6 4. d4 d5 5. exd5 exd5 6. Bg2 Nf6 7. O-O Be7 8. Nc3 O-O 9. Bg5 Bb7 10. Re1 h6 11. Bf4 Nc6 12. Qd2 cxd4 13. Nxd4 Nxd4 14. Qxd4 Bc5 15. Qd2 Qd7 16. Rad1 Rad8 17. h3 d4 18. Ne4 Nxe4 19. Bxe4 Bxe4 20. Rxe4 Qf5 21. Rde1 Qxh3 22. b4 Bd6 23. Rxd4 Bxf4 24. Qxf4 Rxd4 25. Qxd4 Qc8 26. c4 Rd8 27. Qc3 Qc7 28. c5 bxc5 29.
bxc5 Qc6 30. Qe3 Rc8 31. Rc1 h5 32. Qg5 g6 33. Qe7 Kg7 34. Qe5+ Qf6 35. Qe4 Rc6 36. Kg2 a6 37. a4 Re6 38. Qf3 Rc6 39. Qe4 Rd6 40.
cxd6 Qxd6 41. Re1 1-0

[Event "*** SCC Grand Prix: Titled Tuesday Blitz"]
[Site "Chess.com"]
[Date "2020.08.11"]
[Round "3"]
[White "Zhani-Z"]
[Black "EugeneRougon"]
[Result "1-0"]
[WhiteElo "2451"]
[BlackElo "2714"]
[TimeControl "180+1"]
[EndTime "10:29:31 PDT"]
[Termination "Zhani-Z won by checkmate"]

1. e4 e5 2. Nf3 Nc6 3. Nc3 Nf6 4. Bb5 Bb4 5. O-O O-O 6. d3 Bxc3 7. bxc3 d6 8. Re1 Qe7 9. h3 Nd8 10. d4 c5 11. Bd3 h6 12. a4 Nc6 13. Be3 Na5 14.
Nd2 Nc6 15. d5 Na5 16. f4 Nd7 17. Nf3 f6 18. Nh4 Re8 19. Nf5 Qf8 20. Qg4 Kh8 21. Qh5 exf4 22. Bxf4 Ne5 23. Bxh6 gxh6 24.
Nxh6 Kg7 25. Re3 Qh8 26. Rg3+ Kf8 27. Rg8+ Qxg8 28. Nxg8 Nd7 29. Nh6 Re7 30. Rf1 Rg7 31.
Nf5 Rg8 32. Nxd6 b6 33. Qf7# 1-0

[Event "*** SCC Grand Prix: Titled Tuesday Blitz"]
[Site "Chess.com"]
[Date "2020.08.11"]
[Round "3"]
[White "annamaja"]
[Black "sertalzin"]
[Result "1-0"]
[WhiteElo "2240"]
[BlackElo "1831"]
[TimeControl "180+1"]
[EndTime "10:29:31 PDT"]
[Termination "annamaja won on time"]

1. e4 c6 2. d4 d5 3. exd5 cxd5 4. c4 Nf6 5. Nc3 g6 6. Nf3 Bg7 7. Bd3 O-O 8. O-O Nc6 9. Bg5 dxc4 10. Bxc4 b6 11.
Re1 Na5 12. Bf1 Bb7 13. Ne5 Rc8 14. Qd2 Re8 15. Rad1 Nd5 16. Bh6 e6 17. Bxg7 Kxg7 18. Ne4 f6 19. Ng4 Qe7 20. Qh6+ Kg8 21. Ng3 Qg7 22.
Qh4 Rc2 23. b4 Nc4 24. Bd3 Rc3 25. Ne4 Rxd3 26. Rxd3 f5 27. Nef6+ Nxf6 28. Nxf6+ Kf7 29. Nxe8 Kxe8 30. Rxe6+ 1-0

[Event "*** SCC Grand Prix: Titled Tuesday Blitz"]
[Site "Chess.com"]
[Date "2020.08.11"]
[Round "3"]
[White "Rainmond"]
[Black "NoboaKevin1999"]
[Result "1-0"]
[WhiteElo "2679"]
[BlackElo "2417"]
[TimeControl "180+1"]
[EndTime "10:29:32 PDT"]
[Termination "Rainmond won on time"]

1. e4 e6 2. d4 d5 3. Nd2 c5 4. Ngf3 Nc6 5. exd5 exd5 6. Bb5 Qe7+ 7. Qe2 Qxe2+ 8. Kxe2 cxd4 9. Nxd4 Bd7 10. N2b3 O-O-O 11. Be3 Nf6 12. Nxc6 bxc6 13. Ba6+ Kb8 14. Rhd1 Bd6 15. h3 Rhe8 16. Kf1 Bc8 17. Bd3 Ne4 18. c3 h6 19. Bd4 f6 20. f3 Ng5 21. Bg6 Re7 22. Re1 Ne6 23. Bf2 Nf4 24. Rxe7 Bxe7 25. Bc2 Bd6 26. Re1 g5 27. h4 Ba6+ 28. Kg1 Bd3 29.
Bd1 Bc7 30. Nd4 Kb7 31. Ne6 Nxe6 32. Rxe6 Be5 33. Re7+ Bc7 34. Bg3 Rc8 35. Kf2 Kb6 36.
Re6 Bxg3+ 37. Kxg3 Rf8 38. Ba4 Bb5 39. Bxb5 Kxb5 40.
Kg4 f5+ 41. Kh5 g4 42. f4 c5 43. b3 d4 44. a4+ Ka5 45. Re5 d3 46. Rxc5+ Kb6 47.
Rd5 1-0

[Event "*** SCC Grand Prix: Titled Tuesday Blitz"]
[Site "Chess.com"]
[Date "2020.08.11"]
[Round "3"]
[White "Alexander_Moskalenko"]
[Black "tan275"]
[Result "1-0"]
[WhiteElo "2836"]
[BlackElo "2234"]
[TimeControl "180+1"]
[EndTime "10:29:32 PDT"]
[Termination "Alexander_Moskalenko won by resignation"]

1. e4 c6 2. Nf3 d5 3. d3 Nd7 4. g3 e5 5. Bg2 Bd6 6. Nc3 Ngf6 7. O-O O-O 8. Nh4 d4 9. Ne2 Nc5 10. h3 g6 11. Bh6 Re8 12. Kh1 Ne6 13. Ng1 Nh5 14.
Bd2 Nhg7 15. c3 Rf8 16. cxd4 Nxd4 17. Ne2 Nxe2 18. Qxe2 Be6 19. Bc3 Qd7 20. Kh2 b5 21.
Nf3 Qc7 22. d4 Bc4 23. Qc2 Bxf1 24. Rxf1 exd4 25. Nxd4 b4 26. Bd2 Be5 27. Nb3 Rac8 28. Bxb4 Rfd8 29. f4 Bd4 30. Nxd4 Rxd4 31. Bc3 Rd7 32.
Qa4 Qb6 33. f5 Re8 34. g4 gxf5 35. gxf5 Qc7+ 36. e5 f6 37. Qxc6 fxe5 38. Bd5+ Kh8 39. Qxc7 Rxc7 40. f6 Ne6 41. f7 Rf8 42. Bxe5+ Ng7 43. Rg1 Rcxf7 44. Bxf7 Rxf7 45. Rxg7 Rxg7 46. Bxg7+ Kxg7 47. Kg3 Kf6 48. Kf4 Ke6 49. Kg5 Kf7 50. Kh6 Kg8 51. b4 a6 52. a4 Kh8 53. b5 axb5 54.
axb5 Kg8 55. b6 Kh8 56. b7 Kg8 57. b8=Q+ Kf7 58. h4 1-0

[Event "*** SCC Grand Prix: Titled Tuesday Blitz"]
[Site "Chess.com"]
[Date "2020.08.11"]
[Round "3"]
[White "tteshan"]
[Black "wild_cat99"]
[Result "0-1"]
[WhiteElo "2227"]
[BlackElo "2622"]
[TimeControl "180+1"]
[EndTime "10:29:32 PDT"]
[Termination "wild_cat99 won by resignation"]

1. e4 c5 2. Nf3 d6 3. d4 cxd4 4.
Nxd4 Nf6 5. f3 a6 6. c4 e6 7. Nc3 Be7 8. Be3 Nbd7 9. Be2 Qc7 10. O-O b6 11. Qd2 Bb7 12. Rfd1 Rc8 13. a4 O-O 14. a5 Rfd8 15. axb6 Nxb6 16. Rac1 Nfd7 17. Bf1 h6 18. Qf2 Qb8 19. Nxe6 fxe6 20. Bxb6 Nxb6 21. Qxb6 Rc6 22. Qb3 Bg5 23. Rc2 Be3+ 24.
Kh1 Rb6 25. Qa2 Bc6 26. Rd3 Bc5 27. Rcd2 e5 28. Ne2 Qb7 29. Rxd6 Rxd6 30. Rxd6 Rxb2 31. Rd8+ Kh7 32. Qa5 Bb6 33. Qxe5 Bxd8 34. Qf5+ Kg8 35. Qe6+ Qf7 36. Qxc6 Rb1 37. Kg1 Bb6+ 38. c5 Ba7 39. g3 Qxf3 40. Qe6+ Kh7 41. Qf5+ Qxf5 42. exf5 Bxc5+ 43. Kg2 a5 44. Nc3 Rb2+ 45. Kf3 Rf2+ 46. Ke4 Rxf1 0-1

[Event "*** SCC Grand Prix: Titled Tuesday Blitz"]
[Site "Chess.com"]
[Date "2020.08.11"]
[Round "3"]
[White "mortngabriel"]
[Black "Bigfish1995"]
[Result "0-1"]
[WhiteElo "2453"]
[BlackElo "2966"]
[TimeControl "180+1"]
[EndTime "10:29:33 PDT"]
[Termination "Bigfish1995 won by resignation"]

1. e4 c5 2. Nf3 d6 3. Bb5+ Nd7 4. O-O Nf6 5. Re1 a6 6. Bd3 e6 7.
c3 b5 8. a4 c4 9. Bc2 Bb7 10.
d3 cxd3 11. Bxd3 bxa4 12. Qxa4 Be7 13. e5 dxe5 14. Nxe5 O-O 15. Nxd7 Nxd7 16. Bc2 Nf6 17. Nd2 Bc5 18. Ne4 Bxe4 19. Bxe4 Qb6 20. Be3 Bxe3 21. Rxe3 Nxe4 22. Qxe4 Qxb2 23. Rb1 Qd2 24. h4 Rac8 25. Qe5 Rfd8 26. Rg3 g6 27. Re1 Rd5 28. Qf6 Rf5 29. Qd4 Qxd4 30. cxd4 Rf4 31. Ra3 Rxd4 32. h5 Rc6 33.
Rea1 Rdd6 34. h6 Kf8 35. Rb3 Rb6 36. Rc3 Rdc6 37. Rd3 Ke7 38. Rad1 Rd6 39. Rxd6 Rxd6 40. Rb1 Kf6 41. Rb7 g5 42. g4 Kg6 43. Kg2 f6 44. Kg3 Kxh6 45. f3 Kg6 0-1

[Event "*** SCC Grand Prix: Titled Tuesday Blitz"]
[Site "Chess.com"]
[Date "2020.08.11"]
[Round "3"]
[White "zajka-molotok"]
[Black "GalperinPlaton"]
[Result "0-1"]
[WhiteElo "2400"]
[BlackElo "2609"]
[TimeControl "180+1"]
[EndTime "10:29:33 PDT"]
[Termination "GalperinPlaton won by checkmate"]

1. c4 e5 2. Nc3 Nc6 3. g3 g6 4.
Bg2 Bg7 5. e3 d6 6. Nge2 h5 7. h4 Nh6 8. d4 Bg4 9. d5 Nb8 10. e4 Na6 11. Be3 Ng8 12. Qd2 Bh6 13. f4 Qe7 14. O-O-O Nf6 15. Kb1 Nd7 16. Rhf1 Nac5 17.
Nb5 Qd8 18. Rde1 a6 19. Nbc3 b5 20. cxb5 axb5 21. Nxb5 O-O 22. Nbc3 Rb8 23. f5 Bxe3 24. Qxe3 gxf5 25. exf5 Qf6 26. Ne4 Nxe4 27. Bxe4 Nc5 28. Nc3 Rb4 29. Bc2 Rfb8 30. b3 Kf8 31. Ne4 Nxe4 32. Bxe4 Rd4 33. Rf2 Rbb4 34. Bg2 e4 35.
Rf4 Rd3 36. Qf2 Rbxb3+ 37. axb3 Rxb3+ 38. Ka2 Qc3 39. Rb1 Ra3# 0-1

[Event "*** SCC Grand Prix: Titled Tuesday Blitz"]
[Site "Chess.com"]
[Date "2020.08.11"]
[Round "3"]
[White "ItsCheckM8Mate"]
[Black "gurelediz"]
[Result "0-1"]
[WhiteElo "2314"]
[BlackElo "2545"]
[TimeControl "180+1"]
[EndTime "10:29:33 PDT"]
[Termination "gurelediz won on time"]

1. e4 c5 2. Nf3 d6 3. d4 cxd4 4.
Nxd4 Nf6 5. Nc3 a6 6. Rg1 e6 7. g4 h6 8. h4 Nfd7 9. g5 hxg5 10. hxg5 g6 11. Be3 Nc6 12. Qd2 Nde5 13. Be2 Bg7 14.
f4 Nd7 15. Nxc6 bxc6 16. Qxd6 Qa5 17. e5 Rb8 18. O-O-O Bf8 19. Qxc6 Bb4 20. Rh1 Rf8 21. Qc4 Bxc3 22. Qxc3 Qxa2 23. Bc4 Qa1+ 24. Kd2 Qa4 25. Bb3 Qb5 26. Kc1 Bb7 27. Rd6 Rc8 28. Qd2 Qxb3 29.
Rxd7 Bxh1 30. Rd8+ Rxd8 0-1

[Event "*** SCC Grand Prix: Titled Tuesday Blitz"]
[Site "Chess.com"]
[Date "2020.08.11"]
[Round "3"]
[White "PSvidler"]
[Black "Anuar_Is"]
[Result "1/2-1/2"]
[WhiteElo "2926"]
[BlackElo "2689"]
[TimeControl "180+1"]
[EndTime "10:29:34 PDT"]
[Termination "Game drawn by agreement"]

1. e4 c5 2. Nf3 Nc6 3. Bb5 g6 4. Bxc6 bxc6 5. O-O Bg7 6. Re1 Rb8 7. c3 Nf6 8. h3 O-O 9. d4 cxd4 10. cxd4 d6 11. Nc3 Nd7 12. b3 c5 13. Be3 Qa5 14. Rc1 Re8 15.
Qd2 Bb7 16. dxc5 Nxc5 17. Bd4 Bf8 18. Qe3 Rbc8 19. Nd5 Ne6 20. Bc3 Qa6 21. Nd4 Nc5 22.
b4 Nd7 23. Ba1 Qxa2 24. Rxc8 Rxc8 25. Nf5 Bxd5 26. exd5 Qxd5 27. Nxe7+ Bxe7 28. Qxe7 Ne5 29. Qxa7 Rc2 30. Bxe5 dxe5 31. Qb8+ Kg7 32. Qxe5+ Qxe5 33. Rxe5 Rb2 34. Rb5 h6 35. g4 h5 36. gxh5 gxh5 37. h4 Kg6 38. Kg2 f6 39. Kg3 Rb3+ 40. f3 Rb2 41.
Rb8 Rb3 42. b5 Kf5 43. b6 Rb2 44. Rb7 Kg6 45. Kf4 Rb4+ 46. Ke3 Rxh4 47. Rc7 Rb4 48. b7 h4 49. Kf2 Rb2+ 50. Kg1 h3 51. Rd7 h2+ 52. Kh1 Kf5 1/2-1/2

[Event "*** SCC Grand Prix: Titled Tuesday Blitz"]
[Site "Chess.com"]
[Date "2020.08.11"]
[Round "3"]
[White "1stSecond"]
[Black "Alexsur1981"]
[Result "0-1"]
[WhiteElo "2772"]
[BlackElo "2554"]
[TimeControl "180+1"]
[EndTime "10:29:34 PDT"]
[Termination "Alexsur1981 won on time"]

1. c4 e6 2. Nc3 d5 3. d4 c6 4. e3 f5 5. h3 Nf6 6. g4 Ne4 7. Nf3 Bb4 8. Qb3 Bxc3+ 9. bxc3 fxg4 10.
hxg4 O-O 11. Be2 b5 12. cxb5 cxb5 13. Ba3 Rf7 14. g5 g6 15. Rf1 Nc6 16. Nd2 Na5 17.
Qb4 Nxd2 18. Kxd2 a6 19. f4 Nc4+ 20. Bxc4 dxc4 21. e4 Bb7 22. Ke3 e5 23. d5 exf4+ 24. Rxf4 Qxg5 25. Rf1 Bxd5 26. Qc5 Re8 27. Qd4 Rxe4+ 28.
Qxe4 Bxe4 29. Kxe4 Rxf4+ 30. Rxf4 Qg2+ 31. Ke5 Qxa2 32. Bc5 Qe2+ 33. Kf6 Qe8 34. Bd6 a5 35. Be7 b4 36.
Bd6 b3 0-1

[Event "*** SCC Grand Prix: Titled Tuesday Blitz"]
[Site "Chess.com"]
[Date "2020.08.11"]
[Round "3"]
[White "Chessdemon2019"]
[Black "BulletMercenary"]
[Result "1/2-1/2"]
[WhiteElo "2348"]
[BlackElo "2153"]
[TimeControl "180+1"]
[EndTime "10:29:34 PDT"]
[Termination "Game drawn by repetition"]

1. e4 d6 2. d4 Nf6 3. Nc3 g6 4. Bg5 Bg7 5. e5 dxe5 6. dxe5 Qxd1+ 7. Rxd1 Ng4 8. Nd5 Bxe5 9. f4 Bd6 10. Bxe7 Ne3 11. Bxd6 Nxd5 12. Be5 f6 13. Rxd5 fxe5 14. Rxe5+ Kf7 15. Bc4+ Kf6 16. Nf3 Nc6 17. Re3 Bf5 18. O-O Bxc2 19. Re6+ Kg7 20. Ne5 Rhe8 21. Nxc6 Rxe6 22.
Bxe6 bxc6 23. Rc1 Be4 24. Bd7 Rb8 25. Bxc6 Bxc6 26. Rxc6 Rxb2 27. Rxc7+ Kf6 28. Rxa7 Kf5 29. Ra4 Kg4 30. a3 Ra2 31. Kf1 h5 32. Ra6 Kxf4 33. a4 g5 34. a5 h4 35. Ra8 Ke3 36. Re8+ Kf4 37. Rf8+ Ke3 38. Re8+ Kf4 39. Ra8 Ke3 40. Re8+ 1/2-1/2

[Event "*** SCC Grand Prix: Titled Tuesday Blitz"]
[Site "Chess.com"]
[Date "2020.08.11"]
[Round "3"]
[White "MestreSoares"]
[Black "Duong57"]
[Result "1-0"]
[WhiteElo "2161"]
[BlackElo "2330"]
[TimeControl "180+1"]
[EndTime "10:29:34 PDT"]
[Termination "MestreSoares won by resignation"]

1. Nf3 d5 2. b3 c5 3. e3 Nc6 4. Bb2 Qc7 5. d4 Bg4 6. Be2 cxd4 7. Nxd4 Bxe2 8. Qxe2 e5 9. Nxc6 bxc6 10. O-O Nf6 11. c4 Bd6 12. h3 O-O 13. cxd5 cxd5 14. Nc3 a6 15. Rac1 Qb7 16. Rfd1 Rac8 17. Na4 Rxc1 18. Rxc1 Rc8 19. Qd1 h6 20. Nc3 Bb4 21. Nxd5 Rxc1 22.
Nxf6+ gxf6 23. Qxc1 Qd7 24. Qc2 Kg7 25. Kh2 Ba5 26. g3 Bc7 27. Kg2 f5 28. Qe2 f6 29.
Qc4 a5 30. Ba3 Bb8 31. Qc5 Qb7+ 32. Kh2 Qd7 33. Qf8+ Kh7 34. Qxb8 Qd2 35. Qb7+ Kg6 36. Kg2 f4 37. exf4 e4 38. Qxe4+ f5 39. Qc6+ 1-0

[Event "*** SCC Grand Prix: Titled Tuesday Blitz"]
[Site "Chess.com"]
[Date "2020.08.11"]
[Round "3"]
[White "VladimirBugayev"]
[Black "midedu"]
[Result "1-0"]
[WhiteElo "2340"]
[BlackElo "2143"]
[TimeControl "180+1"]
[EndTime "10:29:34 PDT"]
[Termination "VladimirBugayev won on time"]

1. e4 c5 2. a3 Nc6 3. b4 cxb4 4. axb4 Nxb4 5. d4 d5 6. c3 Nc6 7. exd5 Qxd5 8. Na3 e6 9. Nb5 Qd8 10. Bf4 e5 11.
dxe5 Be6 12. Nf3 Bc5 13. Qxd8+ Kxd8 14. O-O-O+ Kc8 15. Ng5 Nge7 16. Nd6+ Bxd6 17. exd6 Nd5 18. Nxe6 fxe6 19. d7+ Kd8 20. Bg5+ Kc7 21. c4 Nf6 22. Bf4+ e5 23. Bg3 Nxd7 24. f4 Kb6 25. Bf2+ Kc7 26.
Bg3 Rhe8 27. Be2 exf4 28. Bxf4+ Nde5 29. Rd5 g5 30. Bg3 h6 31. Rhd1 Rad8 32. Bh5 Rf8 33.
Rxd8 Rxd8 34. Re1 Kd6 35. c5+ Kd5 36. Rd1+ 1-0

[Event "*** SCC Grand Prix: Titled Tuesday Blitz"]
[Site "Chess.com"]
[Date "2020.08.11"]
[Round "3"]
[White "Ze-Pequeno"]
[Black "Falia-p"]
[Result "1-0"]
[WhiteElo "2152"]
[BlackElo "2318"]
[TimeControl "180+1"]
[EndTime "10:29:34 PDT"]
[Termination "Ze-Pequeno won by resignation"]

1. e4 c6 2. d4 d5 3. Nc3 dxe4 4. Nxe4 Nf6 5. Nxf6+ exf6 6. c3 Bd6 7. Bd3 O-O 8. Qc2 Re8+ 9. Ne2 h5 10. O-O h4 11. h3 Nd7 12. Bf4 Nf8 13. Bxd6 Qxd6 14. Rfe1 Be6 15. Rad1 g5 16. Bf5 Kg7 17. c4 a5 18. a3 Qd7 19. Bxe6 Nxe6 20. d5 Nc5 21. b4 axb4 22. axb4 Ne4 23. Nd4 cxd5 24. c5 g4 25. hxg4 h3 26. gxh3 Rh8 27. Kg2 Ra3 28. Re3 Rxe3 29.
Nf5+ Kg8 30. Nxe3 Qe6 31. Rxd5 Ng5 32. Rd8+ Kg7 33. Nf5+ Kh7 34. Nd4+ Qe4+ 35. Qxe4+ Nxe4 36. Rd7 Rb8 37. Rxf7+ Kg6 38. Re7 Nc3 39. Rd7 Ne4 40. f4 Nc3 41. f5+ Kg5 42. Ne6+ Kh6 43. Rf7 Ra8 44.
Rxf6+ Kh7 45. Rf7+ Kg8 46. Rxb7 Nd5 47. g5 Ra3 48. f6 Ne3+ 49. Kh2 Nf5 50. f7+ Kh7 51. f8=Q+ 1-0